 Dungeon Crawl Stone Soup version 0.24-a0-368-g0e0cebd0f3 (webtiles) character file.

Game seed: 10894952485488366406

57311 krystol the Fighter (level 14, 0/125 HPs)
             Began as a Demigod Ice Elementalist on May 20, 2019.
             Killed from afar by a vampire mage (40 damage)
             ... with a bolt of negative energy
             ... on level 12 of the Dungeon on May 29, 2019.
             The game lasted 02:29:49 (35541 turns).

krystol the Fighter (Demigod Ice Elementalist)     Turns: 35541, Time: 02:29:49

Health: 0/125      AC:  9    Str: 13    XL:     14   Next: 11%
Magic:  34/34      EV: 12    Int: 28    God:
Gold:   1161       SH: 10    Dex: 16    Spells: 10/35 levels left

rFire    + + .     SeeInvis +   b - +4 trident (freeze)
rCold    + . .     Gourm    .   C - +4 buckler "Bext" {rElec rF+ Int+3}
rNeg     . . .     Faith    .   w - +2 robe {Archmagi}
rPois    .         Spirit   .   (helmet restricted)
rElec    +         Reflect  .   i - scarf {rC+ rF+}
rCorr    .         Harm     .   f - +0 pair of gloves
MR       ++...                  q - +1 pair of boots
Stlth    +.........             X - amulet of regeneration
HPRegen  0.70/turn              l - ring of protection from magic
MPRegen  0.24/turn              z - ring of see invisible

@: silence (expiring), hasted, drained, very quick
A: beak, horns 1, molten scales 1, high mp 1
a: no special abilities


You were on level 12 of the Dungeon.
You were not hungry.

You visited 3 branches of the dungeon, and saw 20 of its levels.

You collected 2167 gold pieces.
You spent 1006 gold pieces at shops.

Inventory:

Hand Weapons
 b - a +4 trident of freezing (weapon)
   (You took it off Harold on level 1 of the Lair of Beasts)
 s - the +6 short sword of Dithmenos {protect, +Inv rN++ MP+9 Int-2}
   (You found it on level 3 of the Lair of Beasts)

   It grants its wielder temporary protection when it strikes (+7 to AC).
   It affects your intelligence (-2).
   It greatly protects you from negative energy.
   It affects your magic capacity (+9).
   It lets you turn invisible.
Missiles
 N - 4 throwing nets (quivered) {!f}
Armour
 f - a +0 pair of gloves (worn)
   (You found it on level 1 of the Dungeon)
 i - a scarf of resistance (worn)
   (You found it on level 2 of the Lair of Beasts)
 m - a +0 shield
   (You found it on level 1 of the Dungeon)
 q - a +1 pair of boots (worn)
   (You found it on level 2 of the Dungeon)
 w - a +2 robe of the Archmagi (worn)
   (You bought it in a shop on level 4 of the Dungeon)
 C - the +4 buckler "Bext" (worn) {rElec rF+ Int+3}
   (You found it on level 12 of the Dungeon)

   It affects your intelligence (+3).
   It protects you from fire.
   It insulates you from electricity.
 L - a +0 helmet of intelligence
   (You found it on level 6 of the Lair of Beasts)
 M - the +1 robe "Buachoeti" {rF+ rN+ Regen+}
   (You found it on level 7 of the Dungeon)

   It protects you from fire.
   It protects you from negative energy.
   It increases your rate of regeneration.
Magical Staves
 a - an uncursed staff of cold
   (You found it on level 1 of the Lair of Beasts)
 h - an uncursed staff of wizardry {!a}
   (You found it on level 12 of the Dungeon)
Jewellery
 k - an uncursed ring of protection from cold
   (You found it on level 12 of the Dungeon)
 l - a ring of protection from magic (left hand)
   (You found it on level 9 of the Dungeon)
 o - an uncursed ring of protection from cold
   (You found it on level 3 of the Dungeon)
 p - an uncursed amulet of rage
   (You found it on level 5 of the Lair of Beasts)
 z - a ring of see invisible (right hand)
   (You found it on level 4 of the Dungeon)
 I - an uncursed ring of fire
   (You found it on level 5 of the Dungeon)
 X - an amulet of regeneration (around neck)
   (You found it on level 7 of the Dungeon)
Wands
 c - a wand of disintegration (31)
   (You took it off an orc priest on level 9 of the Dungeon)
 t - a wand of flame (22)
   (You found it on level 7 of the Dungeon)
 u - a wand of paralysis (15)
   (You found it on level 6 of the Dungeon)
 v - a wand of digging (17)
   (You found it on level 7 of the Dungeon)
Scrolls
 j - 2 scrolls of magic mapping
 r - 4 scrolls of enchant weapon
 x - a scroll of amnesia
 A - 12 scrolls of remove curse {@r2}
 B - 2 scrolls of fog
 D - 3 scrolls of identify {@r1}
 E - 6 scrolls of teleportation {@r4}
 F - a scroll of enchant armour
 G - a scroll of fear
 H - a scroll of vulnerability {!r}
 V - a scroll of immolation {!r}
Potions
 g - 8 potions of curing {@q1}
 n - 6 potions of mutation {!q}
 y - 2 potions of haste {@q3}
 K - a potion of cancellation
 O - 5 potions of flight
 P - 3 potions of invisibility
 Q - a potion of lignification {!q}
 R - a potion of agility
 U - a potion of ambrosia
 W - a potion of brilliance
 Y - 4 potions of might
 Z - 2 potions of resistance
Miscellaneous
 S - a sack of spiders
Comestibles
 e - 46 rations {!d}


   Skills:
 + Level 11.8(10.9) Fighting
 - Level 1.7(1.1) Dodging
 - Level 1.7(1.1) Stealth
 * Level 10.0(9.1) Shields
 + Level 11.1(10.2) Spellcasting
 - Level 6.0(5.2) Conjurations
 - Level 6.0(5.2) Summonings
 - Level 3.0(2.3) Translocations
 - Level 8.0(7.3) Ice Magic
 - Level 2.0(1.3) Poison Magic
 * Level 6.3(5.6) Evocations


You had 10 spell levels left.
You knew the following spells:

 Your Spells              Type           Power        Failure   Level  Hunger
a - Freeze                Ice            ####         1%          1    None
b - Call Imp              Summ           ######..     1%          2    None
c - Throw Frost           Conj/Ice       ######       1%          2    None
d - Summon Ice Beast      Ice/Summ       ######..     3%          4    None
e - Conjure Flame         Conj/Fire      #####...     4%          3    None
f - Mephitic Cloud        Conj/Pois/Air  #####...     4%          3    None
g - Throw Icicle          Conj/Ice       ######..     3%          4    None
h - Blink                 Tloc           N/A          2%          2    None
i - Poisonous Vapours     Pois/Air       ####..       4%          2    None
u - Animate Skeleton      Necr           N/A          4%          1    None
x - Magic Dart            Conj           ####         1%          1    None

Your spell library contained the following spells:

 Spells                   Type           Power        Failure   Level  Hunger
 Sting                    Conj/Pois      ####         1%          1    None
 Ensorcelled Hibernation  Hex/Ice        ######       1%          2    None
 Searing Ray              Conj           ######       1%          2    None
 Ozocubu's Armour         Chrm/Ice       ######..     2%          3    None
 Shroud of Golubria       Chrm/Tloc      ####......   3%          2    None
 Corona                   Hex            ###....      4%          1    None
 Infusion                 Chrm           ###.         4%          1    None
 Pain                     Necr           ###.         4%          1    None
 Sandblast                Erth           ###...       4%          1    None
 Dazzling Spray           Conj/Hex       #####.       4%          3    None
 Stone Arrow              Conj/Erth      #####.       4%          3    None
 Iskenderun's Mystic Bla  Conj           ######..     4%          4    None
 Passwall                 Tmut/Erth      ###.....     6%          2    None
 Slow                     Hex            ###.....     6%          2    None
 Song of Slaying          Chrm           ###.....     6%          2    None
 Spider Form              Tmut/Pois      ####......   9%          3    None
 Force Lance              Conj/Tloc      ######..     9%          4    None
 Ice Form                 Ice/Tmut       ######..     9%          4    None
 Confuse                  Hex            ###.....     12%         3    None
 Regeneration             Chrm/Necr      ###.......   12%         3    None
 Spectral Weapon          Hex/Chrm       ###.....     12%         3    None
 Tukima's Dance           Hex            ###.....     12%         3    None
 Vampiric Draining        Necr           ###.......   12%         3    None
 Fulminant Prism          Conj/Hex       #####.....   13%         4    None
 Olgreb's Toxic Radiance  Pois           ####....     22%         4    None
 Venom Bolt               Conj/Pois      #####.....   28%         5    ###....
 Animate Dead             Necr           N/A          36%         4    None
 Petrify                  Tmut/Erth      ###.....     36%         4    None
 Bolt of Cold             Conj/Ice       ######....   41%         6    #####..
 Freezing Cloud           Conj/Ice/Air   ######....   71%         6    #####..
 Lee's Rapid Deconstruct  Erth           ###.......   73%         5    ###....
 Yara's Violent Unravell  Hex/Tmut       ###.......   73%         5    ###....
 Ring of Flames           Chrm/Fire      ###.......   100%        7    ######.
 Shatter                  Erth           ###.......   100%        9    #######


Dungeon Overview and Level Annotations

Branches:
Dungeon (12/15)            Temple (0/1) D:5            Lair (6/6) D:11
  Swamp (0/4) Lair:2        Snake (0/4) Lair:2        Slime (0/5) Lair:6
    Orc (2/2) D:9             Elf (0/3) Orc:2

Shops:
D:4 *   Orc:2 ?(

Annotations:
D:4 exclusion: downstairs
D:8 3 runed translucent doors, Chiseanne's ghost, novice DsWn
Orc:2 Saint Roka


Innate Abilities, Weirdness & Mutations

You have an increased reservoir of magic. (+10% MP)
You have a beak for a mouth.
You have a pair of small horns on your head.
You are partially covered in molten scales. (AC +2)


Message History

The iceblast engulfs the deep elf sorcerer!
The deep elf sorcerer hits you but does no damage.
The mass of ice explodes!
The iceblast engulfs the deep elf sorcerer.
The deep elf sorcerer hits you with a +0 rapier!
* * * LOW HITPOINT WARNING * * *
You block the deep elf sorcerer's attack.
The mass of ice explodes!
The iceblast engulfs the deep elf sorcerer!
You kill the deep elf sorcerer!
You close the door, pushing everything out of the way.
You see here an elf corpse.
Okay, then.
A vampire mage opens the door.
The vampire mage gestures wildly while chanting.
The vampire mage flickers and vanishes for a moment.
The orc sorcerer barely misses you.
Your magical contamination has completely faded away.
You see here an elf corpse.
You are too injured to fight recklessly!
Unknown command.
The mass of ice explodes!
The iceblast engulfs the orc sorcerer but does no damage.
The orc sorcerer hits you with a +0 dagger.
* * * LOW HITPOINT WARNING * * *
The mass of ice explodes!
The iceblast engulfs the orc sorcerer!
You block the orc sorcerer's attack.
The mass of ice explodes!
The iceblast engulfs the orc sorcerer!
The now-empty wand crumbles to dust.
The orc sorcerer hits you but does no damage.
You don't have any such object.
That's the wrong kind of item! (Use * to select it.)
Okay, then.
Unknown command.
Unknown command.
Aim: an orc sorcerer, wielding a +0 dagger and wearing a +0 robe (almost dead)
The puff of flame hits the orc sorcerer.
The orc sorcerer barely misses you.
You hit the orc sorcerer. You freeze the orc sorcerer.
You kill the orc sorcerer!
Your life force feels restored.
Your Shields skill increases to level 10!
You feel yourself speed up.
The vampire mage hits you but does no damage.
The vampire mage bites you.
* * * LOW HITPOINT WARNING * * *
The vampire mage draws strength from your injuries!
The vampire mage casts a spell at you. The bolt of negative energy hits you!!!
You feel drained.
You die...

#....##....# #.....###....##
#.##.##.##.# #.....##.^#....
#....##.)..# #.....##......#
#####)##'###### ##.....##.##.#.#
.....§§§......####...#####....#..
..####§§####..#..#⌠..# ########
..e..§§§)....)#..'...#
..####§§####.§V..#⌠..#
.....§§§§.....#†@[...#
..####..####..#..#⌠.##
..........[)..####..#
#####'##)###### #### #..#....#..#
#⌠.'.##.'.⌠# #..#....#..#
############


You could see a vampire mage (invisible).

Vanquished Creatures
  A deep elf sorcerer (D:12)
  Harold (Lair:1)
  2 hydras
  4 death yaks
  3 two-headed ogres
  Erica (Lair:1)
  4 vampire magi (D:12)
  3 ugly things
  3 deep elf magi (D:12)
  7 orc sorcerers
  2 orc knights (Orc:2)
  4 elephants
  3 black mambas
  6 naga magi (D:12)
  A torpor snail (Lair:5)
  A gargoyle (D:12)
  A centaur skeleton (D:12)
  A rime drake (Lair:6)
  7 komodo dragons
  7 spiny frogs
  Prince Ribbit (D:6)
  2 trolls
  4 blink frogs
  2 bog bodies (Lair:2)
  3 hippogriffs
  5 wyverns
  A spriggan (D:7)
  3 fire bats (Orc:1)
  A fire elemental (Orc:1)
  14 yaks
  A basilisk (D:11)
  2 wargs (Orc:1)
  Duvessa (D:5)
  2 soldier ants
  5 water moccasins
  7 porcupines
  27 orc warriors
  2 sky beasts
  2 ice beasts
  2 black bears
  2 eyes of draining
  8 ogres
  A wolf (Lair:5)
  2 phantoms
  3 centaurs
  11 crocodiles
  8 bullfrogs
  Blork the orc (D:6)
  A wyvern zombie (D:11)
  Dowan (D:5)
  4 scorpions
  A water moccasin skeleton (D:10)
  3 wights (D:10)
  6 electric eels
  7 howler monkeys
  2 bullfrog zombies
  2 crimson imps
  2 jellies
  18 orc priests
  7 hounds
  3 bullfrog skeletons
  3 iguanas
  19 orc wizards
  4 hell rats (Lair:3)
  12 worker ants
  2 hound skeletons
  4 worker ant zombies
  6 river rats (Lair:3)
  6 adders
  9 gnolls
  A shadow imp (D:6)
  An ooze (D:2)
  An adder skeleton (D:5)
  3 adder zombies
  4 worms
  2 dart slugs
  7 leopard geckos
  83 orcs
  11 bats
  7 goblins
  10 hobgoblins
  7 jackals
  A quokka (D:2)
  6 frilled lizards
  A jackal zombie (D:7)
  5 kobolds
  A quokka skeleton (D:6)
  A quokka zombie (D:7)
  17 rats
  A butterfly (Lair:2)
477 creatures vanquished.

Vanquished Creatures (collateral kills)
  A hydra (Lair:6)
  3 two-headed ogres
  A merfolk avatar (Lair:6)
  3 death yaks
  2 orc high priests (Orc:1)
  Nergalle (Lair:4)
  A sea snake (Lair:6)
  A harpy (Lair:6)
  2 orc knights (Orc:2)
  3 ugly things
  A cyclops (D:11)
  An orc sorcerer (Orc:2)
  10 elephants
  2 black mambas
  6 spiny frogs
  A rime drake (Lair:6)
  3 trolls
  A hornet (Lair:6)
  7 polar bears
  A wind drake (Lair:6)
  6 blink frogs
  18 yaks
  A fire bat (Orc:1)
  A basilisk (D:11)
  A warg (Orc:2)
  A water moccasin (Lair:4)
  2 porcupines (Lair:1)
  2 ice beasts
  A sky beast (D:10)
  An eye of draining (D:10)
  A black bear (D:5)
  16 orc warriors
  A phantom (D:11)
  6 ogres (Orc:2)
  4 wolves (Lair:5)
  6 crocodiles (Lair:6)
  5 centaurs (D:11)
  A big kobold (D:11)
  2 bullfrogs
  A scorpion (D:11)
  A wight (D:10)
  A centaur zombie (D:10)
  9 orc priests
  Crazy Yiuf (D:6)
  7 orc wizards
  A hound zombie (D:11)
  A leopard gecko (D:11)
  38 orcs
  5 kobolds (D:11)
  A quokka (D:10)
193 creatures vanquished.

Vanquished Creatures (others)
  7 fungi
  16 plants
23 creatures vanquished.

Grand Total: 693 creatures vanquished

Notes
Turn   | Place    | Note
-------+----------+-------------------------------------------
     0 | D:1      | krystol the Demigod Ice Elementalist began the quest for
                  | the Orb.
     0 | D:1      | Reached XP level 1. HP: 14/14 MP: 5/5
   332 | D:1      | Reached XP level 2. HP: 22/22 MP: 4/7
   336 | D:1      | Learned a level 2 spell: Throw Frost
   968 | D:2      | Reached skill level 1 in Fighting
  1158 | D:2      | Reached XP level 3. HP: 28/28 MP: 8/8
  1862 | D:2      | Reached XP level 4. HP: 33/35 MP: 3/10
  1868 | D:2      | Learned a level 4 spell: Summon Ice Beast
  1998 | D:2      | Reached skill level 1 in Conjurations
  2294 | D:2      | Reached skill level 1 in Summonings
  2828 | D:3      | Reached XP level 5. HP: 41/41 MP: 9/11
  3494 | D:4      | Noticed an ogre
  3892 | D:4      | Killed an ogre
  3892 | D:4      | Reached XP level 6. HP: 27/48 MP: 0/13
  4059 | D:4      | Reached skill level 1 in Shields
  4196 | D:4      | Learned a level 2 spell: Call Imp
  4737 | D:4      | Found Ysmisa's General Store.
  4884 | D:4      | Bought a scroll of teleportation for 39 gold pieces
  4901 | D:5      | Entered Level 5 of the Dungeon
  5093 | D:5      | Found a staircase to the Ecumenical Temple.
  5097 | D:5      | Reached XP level 7. HP: 56/56 MP: 6/14
  5488 | D:5      | Learned a level 1 spell: Magic Dart
  5772 | D:5      | Noticed Dowan
  5969 | D:5      | Noticed Duvessa
  5980 | D:5      | Killed Duvessa
  5984 | D:5      | Killed Dowan
  5984 | D:5      | Reached skill level 5 in Ice Magic
  6749 | D:6      | Noticed Prince Ribbit
  6925 | D:6      | Noticed Blork the orc
  6936 | D:6      | Killed Blork the orc
  6936 | D:6      | Reached XP level 8. HP: 60/63 MP: 6/16
  7516 | D:6      | Killed Prince Ribbit
  7793 | D:6      | Reached skill level 5 in Summonings
  8088 | D:6      | Found a runed translucent door.
  8089 | D:6      | Noticed Crazy Yiuf
  8100 | D:6      | Killed Crazy Yiuf
  8456 | D:7      | Got a fabulously ornate robe
  9325 | D:7      | Reached XP level 9. HP: 72/72 MP: 12/19
  9841 | D:8      | Found a radiant altar of Vehumet.
 10351 | D:8      | Found a glowing golden altar of the Shining One.
 10733 | D:8      | Found a runed translucent gate.
 10733 | D:8      | Found a runed translucent gate.
 10733 | D:8      | Noticed a purple ugly thing
 10733 | D:8      | Noticed a green ugly thing
 10733 | D:8      | Noticed a brown ugly thing
 10734 | D:8      | Found a runed translucent gate.
 10735 | D:8      | Noticed a purple ugly thing
 10780 | D:7      | Reached skill level 5 in Spellcasting
 10820 | D:4      | Bought a wand of clouds (2) for 234 gold pieces
 10896 | D:9      | Noticed a komodo dragon
 10903 | D:9      | Killed a komodo dragon
 10903 | D:9      | Reached skill level 5 in Fighting
 11815 | D:9      | Identified the cursed +1 robe "Buachoeti" {rF+ rN+ Regen+}
                  | (You found it on level 7 of the Dungeon)
 12154 | D:9      | Found a roughly hewn altar of Beogh.
 12154 | D:9      | Found a staircase to the Orcish Mines.
 12156 | D:9      | Noticed a two-headed ogre
 12186 | D:9      | Reached XP level 10. HP: 81/84 MP: 17/23
 12211 | D:9      | Killed a two-headed ogre
 12698 | Orc:1    | Entered Level 1 of the Orcish Mines
 12778 | Orc:1    | Noticed an orc high priest
 12799 | Orc:1    | Killed an orc high priest
 13564 | Orc:1    | Noticed an orc high priest
 13566 | Orc:1    | Noticed a smoke demon
 13568 | Orc:1    | Noticed an orc sorcerer
 13638 | Orc:1    | Killed an orc high priest
 13747 | D:10     | Entered Level 10 of the Dungeon
 13966 | D:10     | Noticed a two-headed ogre
 13976 | D:10     | Killed a two-headed ogre
 13982 | D:10     | Learned a level 3 spell: Mephitic Cloud
 13986 | D:10     | Learned a level 3 spell: Conjure Flame
 13991 | D:10     | Learned a level 4 spell: Throw Icicle
 14626 | D:10     | Reached XP level 11. HP: 97/97 MP: 7/27
 15037 | D:10     | Upgraded the game from 0.24-a0-341-g52ca42d3ec to
                  | 0.24-a0-342-gad4687c37d
 15037 | D:10     | Upgraded the game from 0.24-a0-342-gad4687c37d to
                  | 0.24-a0-368-g0e0cebd0f3
 16150 | D:11     | Learned a level 2 spell: Blink
 16153 | D:11     | Noticed a four-headed hydra
 16160 | D:11     | Noticed a death yak
 16173 | D:11     | Killed a four-headed hydra
 16173 | D:11     | Reached skill level 1 in Translocations
 16175 | D:11     | Killed a death yak
 16307 | D:11     | Found a staircase to the Lair.
 16682 | D:11     | Reached skill level 5 in Conjurations
 18235 | D:8      | Reached skill level 1 in Poison Magic
 18561 | D:8      | Found a glowing golden altar of the Shining One.
 18782 | D:8      | Found a radiant altar of Vehumet.
 18837 | D:8      | Found a runed translucent gate.
 18837 | D:8      | Found a runed translucent gate.
 18840 | D:8      | Found a runed translucent gate.
 18840 | D:8      | Noticed Chiseanne's ghost (novice DsWn)
 18927 | Lair:1   | Entered Level 1 of the Lair of Beasts
 19260 | Lair:1   | Got a distressingly furry ring mail
 19502 | Lair:1   | Noticed Erica
 19507 | Lair:1   | Killed Erica
 19675 | Lair:1   | Noticed Harold
 19756 | Lair:1   | Killed Harold
 19756 | Lair:1   | Reached XP level 12. HP: 106/106 MP: 10/29
 20813 | Lair:2   | Reached skill level 10 in Fighting
 21051 | Lair:2   | Found a staircase to the Swamp.
 21388 | Lair:2   | Found the +2 robe of Vines {NoPotionHeal Regen+7}
 21550 | Lair:2   | Found a staircase to the Snake Pit.
 22397 | Lair:3   | Reached skill level 5 in Shields
 22955 | Lair:3   | Got a fine short sword
 23242 | Lair:3   | Identified the +6 short sword of Dithmenos {protect, +Inv
                  | rN++ MP+9 Int-2} (You found it on level 3 of the Lair of
                  | Beasts)
 23246 | Lair:3   | Learned a level 1 spell: Animate Skeleton
 23518 | Lair:3   | Reached skill level 10 in Spellcasting
 23662 | Lair:4   | Noticed Nergalle
 23673 | Lair:4   | Reached skill level 1 in Evocations
 23730 | Lair:4   | Killed Nergalle
 23745 | Lair:4   | Noticed a five-headed hydra
 23754 | Lair:4   | Killed a five-headed hydra
 25424 | Lair:5   | Identified the +2 ring mail "Balaq" {Str+5} (You found it
                  | on level 1 of the Lair of Beasts)
 25929 | Lair:5   | Reached XP level 13. HP: 48/115 MP: 19/32
 26083 | Lair:5   | Got a fine chain mail
 26280 | Lair:6   | Entered Level 6 of the Lair of Beasts
 27324 | Lair:6   | Found a staircase to the Slime Pits.
 28320 | D:4      | Bought a scroll of enchant armour for 97 gold pieces
 28320 | D:4      | Bought a scroll of identify for 26 gold pieces
 28320 | D:4      | Bought a +2 robe of the Archmagi for 490 gold pieces
 28334 | D:4      | Identified the +4 chain mail of Opyujien {Str+3} (You found
                  | it on level 5 of the Lair of Beasts)
 29374 | Orc:2    | Entered Level 2 of the Orcish Mines
 30876 | Orc:2    | Found a staircase to the Elven Halls.
 31214 | Orc:2    | Found a roughly hewn altar of Beogh.
 31539 | Orc:2    | Found Cajeamos's Magic Scroll Emporium.
 31571 | Orc:2    | Bought a scroll of blinking for 120 gold pieces
 31582 | Orc:2    | Found Dinkoer's Weapon Shoppe.
 31772 | Orc:2    | Noticed Saint Roka
 31790 | Orc:2    | Reached skill level 5 in Evocations
 31793 | Orc:2    | Gained mutation: You are frail. (-10% HP) [a neqoxec]
 31933 | Orc:2    | Lost mutation: You are frail. (-10% HP) [potion of
                  | mutation]
 31933 | Orc:2    | Gained mutation: You have a pair of small horns on your
                  | head. [potion of mutation]
 31933 | Orc:2    | Gained mutation: You are partially covered in molten
                  | scales. (AC +2) [potion of mutation]
 31933 | Orc:2    | Gained mutation: You have a beak for a mouth. [potion of
                  | mutation]
 33148 | Orc:2    | Learned a level 2 spell: Poisonous Vapours
 34593 | D:12     | Identified the Disquisition on Dusty Transformation
 34608 | D:12     | Found a deep blue altar of Sif Muna.
 34632 | D:12     | HP: 5/117 [vampire mage/bolt of negative energy (24)]
 35073 | D:12     | Reached XP level 14. HP: 125/125 MP: 19/33
 35182 | D:12     | Identified the Papyrus of the Shifting Frostbite
 35440 | D:12     | Got a faintly glowing buckler
 35451 | D:12     | Identified the +4 buckler "Bext" {rElec rF+ Int+3} (You
                  | found it on level 12 of the Dungeon)
 35494 | D:12     | Noticed a deep elf sorcerer
 35531 | D:12     | Killed a deep elf sorcerer
 35539 | D:12     | Reached skill level 10 in Shields
 35541 | D:12     | Killed from afar by a vampire mage

Levels and vault maps discovered:
D:1:      minmay_arrival_wavy_path, layout_basic, hangedman_decor_points,
          minmay_tromino_v7
D:2:      layout_rooms, serial_corexii_hall, corexii_hall_statues_x,
          corexii_hall_statues_s, kennysheep_generic_room_10
D:3:      layout_loops_ring
D:4:      layout_rooms, serial_shops, nicolae_shop_behind_doors
D:5:      minmay_evil_eye, layout_loops_ring, minmay_temple_entry_stoned_glass,
          first_ration, uniq_duvessa
D:6:      layout_basic, kennysheep_nondescript, sigmund_army,
          uniq_crazy_yiuf_cottage, uniq_blork_the_orc, uniq_prince_ribbit1
D:7:      layout_rooms, the_bakery, nicolae_zen_rock_garden
D:8:      layout_rooms, marbit_many_paths,
          ploomutoo_gammafunk_ghost_potion_laboratory, corexii_leaking_fountain,
          tso_altar
D:9:      layout_layer_cave, david_orc_5
D:10:     layout_basic, minmay_stone_trees_large
D:11:     layout_long_grid, david_lair_generic, wad_floor_pattern_1,
          disabler_island
D:12:     evilmike_library_of_no_secrets, layout_basic, minivault_22
Lair:1:   layout_regular_city, serial_bayou_pond_e,
          nicolae_quartered_pool_super, uniq_harold, uniq_erica
Lair:2:   layout_chaotic_city, skrybe_swamp_entry_bodies, dummy_snake_entry,
          grunt_megastairs_1, lemuel_fruit_fields
Lair:3:   layout_small_grid, kennysheep_abandoned_house, lemuel_fruit_tree,
          serial_bayou_shore_a
Lair:4:   layout_roguey, uniq_nergalle
Lair:5:   layout_big_grid, minmay_shattered_shrine
Lair:6:   gammafunk_lair_ancient_temple, layout_long_grid,
          dpeg_slime_entry_corner
Orc:1:    layout_diamond_mine, nicolae_orc_lava_tube
Orc:2:    pubby_orc_utopia, uniq_saint_roka

Skill      XL: |  1  2  3  4  5  6  7  8  9 10 11 12 13 14 |
---------------+-------------------------------------------+-----
Ice Magic      | 3 4 5 6 7 8 |  8.0
Spellcasting   | 2 3 4 6 8 9 10 11 | 11.1
Fighting       | 1 2 3 4 6 9 10 11 | 11.8
Conjurations   | 1 2 3 6 |  6.0
Summonings     | 1 2 4 5 6 |  6.0
Shields        | 1 3 4 7 9 10 | 10.0
Translocations | 3 |  3.0
Poison Magic   | 2 |  2.0
Evocations     | 2 5 6 |  6.3
Dodging        | |  1.7
Stealth        | |  1.7

Action                   |  1- 3 |  4- 6 |  7- 9 | 10-12 | 13-15 || total
-------------------------+-------+-------+-------+-------+-------++-------
Melee: Dagger            |    65 |     8 |   147 |    69 |       ||   289
       Short sword       |       |       |   127 |    28 |       ||   155
       Trident           |       |       |       |   260 |   109 ||   369
       Staff             |       |       |       |     9 |    65 ||    74
       Headbutt          |       |       |       |       |     3 ||     3
       Peck              |       |       |       |       |     3 ||     3
 Fire: Hunting sling     |       |   107 |    11 |       |       ||   118
Throw: Stone             |    19 |       |     1 |     2 |       ||    22
 Cast: Freeze            |    23 |    52 |    84 |   112 |    86 ||   357
       Throw Frost       |    12 |    40 |    81 |    22 |    10 ||   165
       Call Imp          |       |     2 |    20 |     1 |       ||    23
       Magic Dart        |       |       |    64 |    29 |     1 ||    94
       Summon Ice Beast  |       |       |    10 |   141 |    74 ||   225
       Throw Icicle      |       |       |       |   202 |   199 ||   401
       Animate Skeleton  |       |       |       |     8 |    54 ||    62
       Conjure Flame     |       |       |       |     5 |       ||     5
       Blink             |       |       |       |       |     1 ||     1
 Abil: Evoke Invisibilit |       |       |       |       |     4 ||     4
Evoke: Wand              |       |       |     2 |    11 |    10 ||    23
       Sack of spiders   |       |       |       |       |     1 ||     1
  Use: Scroll            |       |    11 |     7 |    13 |     9 ||    40
       Potion            |       |       |     2 |     3 |     3 ||     8
 Stab: Sleeping          |     4 |       |     2 |     2 |     2 ||    10
       Paralysed         |       |       |     3 |       |       ||     3
       Distracted        |       |       |     1 |     7 |     4 ||    12
       Confused          |       |       |       |     1 |       ||     1
  Eat: Chunk             |     4 |    12 |    19 |    33 |    22 ||    90
       Ration            |       |       |     2 |     6 |     3 ||    11
Armor: Robe              |    11 |       |    13 |    98 |    82 ||   204
       Leather armour    |     6 |    29 |    26 |       |       ||    61
       Ring mail         |       |     1 |    49 |       |       ||    50
Dodge: Dodged            |    43 |    80 |   174 |   293 |   158 ||   748
Block: Buckler           |       |     2 |    89 |   134 |     2 ||   227
       Shield            |       |       |       |       |   187 ||   187

Table legend:
 A = Non-vault XP
 B = Vault XP
 C = Vault XP percentage of total XP
 D = Non-vault monster count
 E = Vault monster count
 F = Vault count percentage of total count
                 A         B        C        D         E       F
            +---------+---------+-------+---------+---------+-------
      Total |   42008 |   39865 |  48.7 |     416 |     253 |  37.8
            +---------+---------+-------+---------+---------+-------
        D:1 |      20 |       6 |  23.1 |      12 |       4 |  25.0
        D:2 |     191 |       1 |   0.5 |      41 |       1 |   2.4
        D:3 |     156 |       0 |   0.0 |      20 |       0 |   0.0
        D:4 |     399 |       0 |   0.0 |      11 |       0 |   0.0
        D:5 |     633 |     260 |  29.1 |      23 |       3 |  11.5
        D:6 |     496 |     402 |  44.8 |      17 |       7 |  29.2
        D:7 |    1004 |     215 |  17.6 |      22 |       1 |   4.3
        D:8 |     670 |    1498 |  69.1 |       8 |       5 |  38.5
        D:9 |    2232 |     868 |  28.0 |      27 |      23 |  46.0
       D:10 |    4955 |       0 |   0.0 |      49 |       0 |   0.0
       D:11 |    4126 |    1019 |  19.8 |      38 |       6 |  13.6
       D:12 |    2678 |   11371 |  80.9 |      17 |      19 |  52.8
     Lair:1 |    3393 |    1690 |  33.2 |      20 |       2 |   9.1
     Lair:2 |    2223 |     849 |  27.6 |      11 |       3 |  21.4
     Lair:3 |    2949 |    1122 |  27.6 |      12 |      17 |  58.6
     Lair:4 |    6986 |     561 |   7.4 |      20 |       2 |   9.1
     Lair:5 |    2212 |    2498 |  53.0 |      11 |       9 |  45.0
     Lair:6 |    2989 |    6960 |  70.0 |      19 |      26 |  57.8
      Orc:1 |    3696 |     521 |  12.4 |      38 |       9 |  19.1
      Orc:2 |       0 |   10024 | 100.0 |       0 |     116 | 100.0
            +---------+---------+-------+---------+---------+-------
